 Dungeon Crawl Stone Soup version 0.27.1-36-g1b1ada6b1e (webtiles) character file.

Game seed: 9129715740869354508

164 KleinerIrrer the Sneak (level 5, -5/36 HPs)
             Began as an Octopode Delver on Feb 8, 2023.
             Shot with an arrow by a centaur (17 damage)
             ... on level 5 of the Dungeon.
             The game lasted 00:02:15 (696 turns).

KleinerIrrer the Sneak (Octopode Delver)             Turns: 696, Time: 00:02:16

Health: -5/36      AC:  1    Str: 12    XL:     5   Next: 45%
Magic:  5/5        EV: 13    Int: 12    God:
Gold:   46         SH:  0    Dex: 14    Spells: 4/4 levels left

rFire    . . .     SeeInvis .     - Unarmed
rCold    . . .     Faith    .   (no shield)
rNeg     . . .     Spirit   .   (helmet restricted)
rPois    .         Reflect  .   (no amulet)
rElec    .         Harm     .   (no ring)
rCorr    .         Rampage  .   (no ring)
Will     .....                  (no ring)
Stlth    ++++......             (no ring)
HPRegen  0.12/turn              (no ring)
MPRegen  0.09/turn              (no ring)
                                (no ring)
                                (no ring)

@: no status effects
A: almost no armour, amphibious, 8 rings, camouflage 1, gelatinous body 1,
(nimble swimmer 1), tentacles
a: no special abilities


You were on level 5 of the Dungeon.
You visited 1 branch of the dungeon, and saw 2 of its levels.

You collected 46 gold pieces.

Inventory:

Missiles
 b - 19 poisoned darts (quivered)
Wands
 e - a wand of digging (3)
Scrolls
 a - a scroll of fog
 c - a scroll of fear
Potions
 d - a potion of haste


   Skills:
 - Level 3.0 Fighting
 + Level 0.5 Throwing
 - Level 2.0 Dodging
 - Level 7.1 Stealth
 + Level 5.0 Unarmed Combat


You had 4 spell levels left.
You didn't know any spells.
Your spell library contained the following spells:

 Spells                   Type           Power      Damage    Failure   Level
 Call Canine Familiar     Summ           0%         N/A       69%         3
 Portal Projectile        Hex/Tloc       0%         N/A       69%         3
 Leda's Liquefaction      Hex/Erth       0%         N/A       97%         4


Dungeon Overview and Level Annotations

Branches:
Dungeon (5/15)
 Temple: D:4-7

Altars:
Yredelemnul

Annotations:
D:5 1 runed translucent door


Innate Abilities, Weirdness & Mutations

You cannot wear most types of armour.
You are amphibious.
You can wear up to eight rings at the same time.
Your skin changes colour to match your surroundings (Stealth+).
Your rubbery body absorbs attacks. (AC +1, EV +1)
((You are camouflaged near water. (Stealth+)))
You have tentacles for arms and can constrict up to eight enemies at once.


Message History

b - 18 poisoned darts (gained 2)
Found 16 gold pieces.
An adder skeleton comes into view.
You see here a poisoned dart.
b - 19 poisoned darts (gained 1)
You barely miss the adder skeleton. You grab the adder skeleton.
You constrict the adder skeleton. The adder skeleton bites you.
You tentacle-slap the adder skeleton.
The adder skeleton is moderately damaged.
You constrict the adder skeleton. The adder skeleton bites you.
You tentacle-slap the adder skeleton but do no damage.
The adder skeleton is heavily damaged.
You constrict the adder skeleton. The adder skeleton bites you.
You bludgeon the adder skeleton!
You destroy the adder skeleton!
Your Unarmed Combat skill increases to level 5!
You now have 46 gold pieces (gained 16).
An orc comes into view. It is wielding a +0 dagger.
Found a dagger.
Found a notched silver ring.
You tentacle-slap the orc. You grab the orc.
The orc is moderately wounded.
You constrict the orc. The orc hits you with a +0 dagger.
You tentacle-slap the orc.
You kill the orc!
An orc comes into view. It is wielding a +0 trident.
Things that are here:
a +0 dagger; an orc corpse An orc priest and a centaur come into view.
The orc shouts!
The orc priest shouts!
The orc barely misses you.
The orc priest moves out of view.
The centaur wields a +0 shortbow.
The centaur shoots an arrow.
The arrow hits you! The orc closely misses you.
The orc priest hits you with a +0 flail.
The centaur shoots an arrow.
The arrow hits you.
You tentacle-slap the orc. Your grab misses the orc.
The orc is almost dead.
The orc hits you with a +0 trident.
The centaur shoots an arrow.
The arrow hits you!
You die...

######..# ##.# #.##
#..# #..# ##.# ***
#)#### ,,** #..#o##
,,,** #..@o.#* ,,,,**
##.....# ,,,,<*
#)....# ,,,,,*
*#.....# ,,,,,*
*.=....#* ,,,,,*****
#.c.....*
,,,,,,,,,****#.......#
**,,,,,,,,,,,........#
,******,,,,,,,,,,,,,,*


You could see a centaur, an orc priest and an orc.

Vanquished Creatures
  A scorpion (D:5)
  A water moccasin zombie (D:5)
  Ijyb (D:5)
  2 adders (D:4)
  A shadow imp (D:5)
  An adder skeleton (D:5)
  An orc (D:5)
  A quokka (D:5)
  A goblin skeleton (D:5)
10 creatures vanquished.

Notes
Turn   | Place    | Note
-------+----------+-------------------------------------------
     0 | D:5      | KleinerIrrer the Octopode Delver began the quest for the
                  | Orb.
     0 | D:5      | Reached XP level 1. HP: 16/16 MP: 1/1
    22 | D:4      | Noticed an iguana
    27 | D:4      | Reached skill level 7 in Stealth
    27 | D:4      | Reached XP level 2. HP: 21/21 MP: 2/2
   128 | D:5      | Found a runed translucent door.
   128 | D:5      | Noticed a human
   132 | D:5      | Found a basalt altar of Yredelemnul.
   172 | D:5      | Noticed Ijyb
   184 | D:5      | Reached XP level 3. HP: 10/26 MP: 3/3
   191 | D:5      | Killed Ijyb
   512 | D:5      | Reached XP level 4. HP: 19/31 MP: 4/4
   646 | D:5      | Noticed a scorpion
   657 | D:5      | Killed a scorpion
   658 | D:5      | Reached XP level 5. HP: 36/36 MP: 5/5
   678 | D:5      | Reached skill level 5 in Unarmed Combat
   694 | D:5      | Noticed a centaur
   696 | D:5      | Shot with an arrow by a centaur

Illustrated notes

Levels and vault maps discovered:
D:4:      layout_basic, minmay_temple_entry_butterflies
D:5:      layout_cave_pods, dk_yredelemnul_ordeal, grunt_ministairs_9,
          hangedman_decor_diamond_cutter, hangedman_decor_opposing,
          uniq_blork_the_orc, uniq_ijyb

Skill      XL: |  1  2  3  4  5 |
---------------+----------------+-----
Stealth        | 7 |  7.1
Unarmed Combat | 4 5 |  5.0
Fighting       | |  3.0
Throwing       | |  0.5
Dodging        | |  2.0

Action                   |  1- 3 |  4- 6 || total
-------------------------+-------+-------++-------
Melee: Unarmed           |    32 |     9 ||    41
       Tentacles         |     7 |       ||     7
       Constrict         |     5 |     3 ||     8
       Punch             |     1 |       ||     1
Throw: Dart              |       |     5 ||     5
  Use: Scroll            |     1 |       ||     1
 Stab: Sleeping          |     2 |     1 ||     3
Armor: Skin              |     2 |       ||     2
Dodge: Dodged            |    24 |     2 ||    26
